Map: Para Site LE

Players

MCanning

  • Race: Protoss Protoss
  • League: Grandmaster
  • Spawn Location: 5:00

Neeb - Winner!

  • Race: Protoss Protoss
  • League: Grandmaster
  • Spawn Location: 11:00

Event: Cheeseadelphia 8

VOD

Have the link to the VOD?

Description

Time

  • Played on: Dec. 9, 2018, 9:27 a.m.
  • Length: 5:26

All games in this series

Show
View Real Time Build Order
Export as new Build Order

MCanning Protoss 

Build Orders: Cannon Rush 

Get SALT Encoding   

  12  0:00  Probe  
  13  0:12  Probe  
  14  0:17  Pylon  
  14  0:24  Probe  
  15  0:34  Probe  
  15  0:35  Forge  
  15  0:42  Probe  
  17  0:52  Probe  
  18  1:01  Pylon  
  18  1:19  Photon Cannon  
  18  1:20  Photon Cannon  
  18  1:26  Pylon  
  19  1:33  Pylon  
  18  1:44  Photon Cannon  
  18  1:49  Probe  
  18  2:00  Probe  
  17  2:01  Gateway  
  17  2:07  Assimilator  
  17  2:08  Assimilator, Probe  
  19  2:16  Probe  
  20  2:25  Pylon  
  20  2:28  Probe  
  21  2:40  Probe  
  22  2:48  Cybernetics Core  
  22  2:52  Probe  
  22  2:55  Gateway  
  23  3:04  Probe  
  24  3:06  Photon Cannon  
  24  3:14  Pylon  
  24  3:19  Stalker  
  25  3:26  Stargate  
  26  3:36  Probe  
  27  3:44  Sentry  
  28  4:05  Nexus  
  23  4:20  Phoenix  
  25  4:32  Probe  
  26  4:39  Phoenix  
  26  4:44  Probe  
  29  4:56  Probe  
  30  5:00  Phoenix  
  32  5:09  Probe  
Show
View Real Time Build Order
Export as new Build Order

Neeb Protoss - Winner!

Build Orders: Oracle Opening, Phoenix Opening 

Get SALT Encoding   

  12  0:00  Probe  
  13  0:12  Probe  
  14  0:17  Pylon  
  14  0:24  Probe  
  15  0:32  Probe  
  15  0:37  Gateway  
  15  0:40  Probe  
  16  0:47  Assimilator  
  17  0:51  Probe  
  17  0:53  Assimilator  
  18  0:59  Probe  
  19  1:06  Gateway  
  19  1:07  Probe  
  20  1:24  Cybernetics Core  
  20  1:26  Zealot  
  22  1:39  Pylon  
  22  1:51  Stalker  
  20  2:01  Probe  
  21  2:13  Probe  
  22  2:25  Probe  
  22  2:27  Stargate  
  23  2:38  Probe  
  24  2:46  Warp Gate  
  24  2:50  Probe  
  25  2:52  Pylon  
  25  3:02  Oracle, Probe  
  29  3:14  Probe  
  30  3:26  Probe  
  31  3:27  Stalker  
  33  3:40  Phoenix  
  35  3:52  Nexus  
  35  3:56  Probe  
  34  4:05  Phoenix  
  34  4:09  Probe  
  37  4:20  Pylon  
  37  4:21  Probe  
  38  4:31  Probe  
  38  4:37  Pylon, Phoenix  
  41  4:39  Probe  
  42  4:47  Probe  
  43  4:55  Assimilator  
  43  4:59  Assimilator  
  43  5:00  Probe  
  46  5:10  Stargate  
  46  5:13  Probe  
Tags
 
Add a new tag
Caveats
  • Supply blocks, unpowered buildings, or Contaminate may cause inaccurate times.
  • Supply counts are checked every 10 seconds.